 Dungeon Crawl Stone Soup version 0.30-a0-782-ge64f9170bb (webtiles) character file.

Game seed: 4444869645461575484

92 Leeroy the Slasher (level 4, -10/33 HPs)
             Began as a Merfolk Gladiator on Feb 25, 2023.
             Mangled by Crazy Yiuf
             ... wielding a +2 quarterstaff of chaos
              (14 damage)
             ... on level 2 of the Dungeon.
             The game lasted 00:01:22 (1986 turns).

Leeroy the Slasher (Merfolk Gladiator)              Turns: 1986, Time: 00:01:23

Health: -10/33     AC:  4    Str: 14    XL:     4   Next: 60%
Magic:  4/4        EV: 13    Int:  7    God:
Gold:   98         SH:  0    Dex: 17    Spells: 3/3 levels left

rFire   . . .      SeeInvis .    a - +0 long sword
rCold   . . .      Faith    .    (no shield)
rNeg    . . .      Spirit   .    b - +0 leather armour
rPois   .          Reflect  .    c - +0 helmet
rElec   .          Harm     .    (no cloak)
rCorr   +          Rampage  .    (no gloves)
Will    .....                    (no boots)
Stlth   +                        (no amulet)
HPRegen 0.25/turn                m - ring of resist corrosion
MPRegen 0.09/turn                (no ring)

@: no status effects
A: (nimble swimmer 2), mertail
a: no special abilities


You were on level 2 of the Dungeon.
You visited 1 branch of the dungeon, and saw 2 of its levels.

You collected 98 gold pieces.

Inventory:

Hand Weapons
 a - a +0 long sword (weapon)
 j - a +2 dagger of venom
 s - a +1 vampiric dagger
Missiles
 d - 3 throwing nets (quivered)
 e - a javelin
Armour
 b - a +0 leather armour (worn)
 c - a +0 helmet (worn)
 p - an orb of mayhem
Jewellery
 m - a ring of resist corrosion (left hand)
Scrolls
 g - a scroll of immolation {unknown}
 k - a scroll of fear {unknown}
 l - a scroll of enchant armour {unknown}
 n - a scroll of identify {unknown}
 o - a scroll of teleportation {unknown}
 q - a scroll of vulnerability {unknown}
 t - a scroll of blinking {unknown}
 u - a scroll of poison {unknown}
 v - a scroll of enchant weapon {unknown}
Potions
 f - a potion of invisibility {unknown}
 h - a potion of heal wounds {unknown}
 i - a potion of curing {unknown}
 r - a potion of berserk rage {unknown}


   Skills:
 - Level 2.1 Fighting
 + Level 6.3 Long Blades
 - Level 2.0 Throwing
 - Level 4.0 Dodging


You had 3 spell levels left.
You didn't know any spells.
Your spell library contained the following spells:

 Spells                   Type           Power      Damage    Failure   Level
 Kiss of Death            Conj/Necr      0%         2d5       52%         1
 Cigotuvi's Dreadful Rot  Necr/Pois/Air  0%         N/A       65%         2
 Poisonous Vapours        Pois/Air       0%         N/A       65%         2
 Confusing Touch          Hex            0%         N/A       87%         3
 Mephitic Cloud           Conj/Pois/Air  0%         N/A       87%         3
 Dispel Undead            Necr           0%         3d6       99%         4


Dungeon Overview and Level Annotations

Branches:
Dungeon (2/15)

Altars:

Annotations:
D:2 Crazy Yiuf


Innate Abilities, Weirdness & Mutations

((You are very nimble when in or above water. (Stealth+, EV+, Speed+++)))
Your lower body shifts to a powerful aquatic tail in water.


Message History

No target in view!
Crazy Yiuf shouts!
Crazy Yiuf laughs, "Rifle!
Dawk action verde."
You open the door.
There is an open door here.
v - a scroll labelled POH DU VENWA You see here a +0 dagger.
There is an open door here.
Key pressed, stopping explore.
There is a stone staircase leading down here.
Crazy Yiuf shouts!
Crazy Yiuf sings, "Trees, trees, trees, circus!"
No reachable target in view!
You open the door.
Crazy Yiuf yells, "Snower tea ena!"
You closely miss Crazy Yiuf. Crazy Yiuf barely misses you.
You slash Crazy Yiuf!
Crazy Yiuf is heavily wounded.
Crazy Yiuf flaps his cloak.
Crazy Yiuf hits you with a +2 quarterstaff of chaos!
You hit Crazy Yiuf.
Crazy Yiuf is severely wounded.
Crazy Yiuf sings, "Trees, trees, trees, circus!"
Crazy Yiuf barely misses you.
You closely miss Crazy Yiuf.
Crazy Yiuf is severely wounded.
Crazy Yiuf closely misses you.
You hit Crazy Yiuf.
Crazy Yiuf is almost dead.
Crazy Yiuf hits you with a +2 quarterstaff of chaos!
Crazy Yiuf barely misses you.
You closely miss Crazy Yiuf.
Crazy Yiuf is severely wounded.
Crazy Yiuf barely misses you.
You closely miss Crazy Yiuf.
Crazy Yiuf is severely wounded.
Crazy Yiuf hits you with a +2 quarterstaff of chaos!
* * * LOW HITPOINT WARNING * * *
You are electrocuted!
You die...

###.##### ### ##..###
........# #....#
###.....#### #....#
#########..# ##...#
...........# ##.##
######....)# ##.#
#.....# #.## #.....#
##.# #...### #@##
#...# #g# #...# ...
#...# #...# #...#
#)..# ############
##### #..........#
#.###################
#.#...............#.#


You could see Crazy Yiuf.

Vanquished Creatures
  5 adders (D:2)
  A worm (D:2)
  A dart slug (D:1)
  5 ball pythons
  4 bats
  4 endoplasms
  A giant cockroach (D:1)
  4 goblins
  4 hobgoblins
  2 quokkas (D:2)
  3 frilled lizards
  5 kobolds (D:2)
  4 rats (D:2)
43 creatures vanquished.

Notes
Turn   | Place    | Note
-------+----------+-------------------------------------------
     0 | D:1      | Leeroy the Merfolk Gladiator began the quest for the Orb.
     0 | D:1      | Reached XP level 1. HP: 16/16 MP: 1/1
   122 | D:1      | Reached skill level 4 in Long Blades
   252 | D:1      | Reached XP level 2. HP: 22/22 MP: 2/2
  1056 | D:2      | Reached XP level 3. HP: 25/27 MP: 3/3
  1112 | D:2      | Reached skill level 5 in Long Blades
  1490 | D:2      | Reached XP level 4. HP: 33/33 MP: 4/4
  1502 | D:2      | Reached skill level 6 in Long Blades
  1735 | D:2      | Found a runed translucent door.
  1736 | D:2      | Noticed Crazy Yiuf
  1986 | D:2      | Mangled by Crazy Yiuf

Illustrated notes

Levels and vault maps discovered:
D:1:      noname_arrival_rooms_in_the_neighbourhood, layout_loops_corners,
          chequers_serial_rivers_marsh, chequers_serial_rivers_micro_d
D:2:      minmay_recursive_quarters, layout_basic, uniq_crazy_yiuf_cottage

Skill      XL: |  1  2  3  4 |
---------------+-------------+-----
Long Blades    | 4 5 6 |  6.3
Fighting       | |  2.1
Throwing       | |  2.0
Dodging        | |  4.0

Action                     |  1- 3 |  4- 6 || total
---------------------------+-------+-------++-------
  Melee: Long sword        |    92 |    43 ||   135
 Armour: Leather armour    |    22 |     6 ||    28
  Dodge: Dodged            |    62 |    38 ||   100

Table legend: (Time is in decaauts)
 A = Elapsed time spent in this place.
 B = Non-inter-level travel time spent in this place.
 C = Inter-level travel time spent in this place.
 D = Time resting spent in this place.
 E = Time spent auto-exploring this place.
 F = Levels seen in this place.
 G = Mean time per level.
                   A        B        C        D        E       F      G
               +--------+--------+--------+--------+--------+-----+--------+
         Total |   1996 |   1978 |     18 |      0 |   1681 |   2 |  998.0 |
       Dungeon |   1996 |   1978 |     18 |      0 |   1681 |   2 |  998.0 |
               +--------+--------+--------+--------+--------+-----+--------+

Top non-repeatable levels by time:
     D:2: 1069 daAuts
     D:1: 926 daAuts
